 Dungeon Crawl Stone Soup version 0.21-a0-507-ga8f6b7a (webtiles) character file.

60979 kae the Brawler (level 14, -28/129 HPs)
             Began as a Troll Monk on Nov 27, 2017.
             Was the Champion of Wu Jian.
             Annihilated by a white very ugly thing (30 damage)
             ... in an ice cave.
             The game lasted 00:37:22 (18923 turns).

kae the Brawler (Troll Monk)                       Turns: 18923, Time: 00:37:23

Health: -28/129    AC:  9    Str: 22    XL:     14   Next: 58%
Magic:  13/13      EV: 18    Int:  6    God:    Wu Jian [******]
Gold:   1667       SH:  0    Dex: 21    Spells: 13/13 levels left

rFire    + . .     SeeInvis .     - Unarmed
rCold    . . .     Gourm    +   (no shield)
rNeg     + . .     Faith    .   G - +1 troll leather armour
rPois    +         Spirit   .   (helmet restricted)
rElec    .         Reflect  .   M - scarf {repulsion}
rCorr    .         Harm     .   (gloves unavailable)
MR       ++...     Clarity  +   (boots unavailable)
Stlth    ++........             (no amulet)
HPRegen  1.11/turn              N - ring of Mouj {Fire rN+ MR+ Dex+5 Stlth+}
MPRegen  0.13/turn              q - ring of Nuqiaher {+Inv +Fly rPois rC+ Stlth-}

@: repel missiles
A: large, unfitting armour, claws 3, blink, clarity, fast metabolism 3, frail 1,
gourmand, regeneration 1, shaggy fur 1, tough skin 2
a: Blink, Serpent's Lash, Heavenly Storm, Renounce Religion, Evoke Invisibility,
Evoke Flight


You were in an ice cave.
You worshipped Wu Jian.
Wu Jian was exalted by your worship.
You were not hungry.

You visited 5 branches of the dungeon, and saw 21 of its levels.
You also visited: Ice Cave.

You collected 2076 gold pieces.
You spent 409 gold pieces at shops.

Inventory:

Armour
 G - a +1 troll leather armour (worn)
 M - a scarf of repulsion (worn)
Jewellery
 d - an uncursed ring of see invisible
 j - the ring "Kawahil" {Fire Int+2}
   (You found it on level 11 of the Dungeon)

   [ring of fire]

   It enhances your fire magic.
   It affects your intelligence (+2).
   It protects you from fire.
   It makes you vulnerable to cold.
 q - the ring of Nuqiaher (right claw) {+Inv +Fly rPois rC+ Stlth-}
   (You found it on level 11 of the Dungeon)

   [ring of flight]

   It protects you from cold.
   It protects you from poison.
   It lets you turn invisible.
   It lets you fly.
   It makes you less stealthy.
 y - an uncursed ring of protection from cold
 K - a +3 ring of strength
 N - the ring of Mouj (left claw) {Fire rN+ MR+ Dex+5 Stlth+}
   (You acquired it on level 6 of the Lair of Beasts)

   [ring of fire]

   It enhances your fire magic.
   It affects your dexterity (+5).
   It protects you from fire.
   It makes you vulnerable to cold.
   It protects you from negative energy.
   It affects your resistance to hostile enchantments.
   It makes you more stealthy.
 Q - an uncursed ring of wizardry
 R - an uncursed ring of protection from magic
Wands
 i - a wand of paralysis (29)
 l - a wand of scattershot (2)
 s - a wand of disintegration (21)
 t - a wand of enslavement (30)
 x - a wand of digging (18)
 z - a wand of flame (56)
Scrolls
 a - 5 scrolls of identify
 c - a scroll of enchant armour
 e - 4 scrolls of amnesia
 v - 4 scrolls of fog
 A - a scroll of enchant weapon
 B - a scroll of acquirement
 I - 8 scrolls of teleportation
 J - 5 scrolls of remove curse
 L - 3 scrolls of blinking
 T - a scroll of magic mapping
Potions
 h - 2 potions of resistance
 k - 12 potions of curing
 m - a potion of cancellation
 n - 3 potions of haste
 p - 2 potions of ambrosia
 r - a potion of invisibility {unknown}
 w - a potion of berserk rage
 C - 3 potions of flight
 D - 2 potions of agility
 E - a potion of magic
 F - a potion of heal wounds
 O - a potion of might
Books
 o - a book of Maledictions

   Spells                             Type                      Level
   a - Corona                         Hexes                        1
   b - Ensorcelled Hibernation        Hexes/Ice                    2
   c - Confuse                        Hexes                        3
   d - Tukima's Dance                 Hexes                        3
   e - Dazzling Spray                 Conjuration/Hexes            3
Comestibles
 b - 17 bread rations
 f - 4 royal jellies
 g - 9 fruits
 u - 11 meat rations


   Skills:
 + Level 10.7 Fighting
 + Level 7.5 Armour
 + Level 10.7 Dodging
 - Level 1.0 Stealth
 * Level 16.7 Unarmed Combat


You had 13 spell levels left.
You didn't know any spells.

Dungeon Overview and Level Annotations

Branches:
Dungeon (11/15)            Temple (1/1) D:5            Lair (6/6) D:9
  Swamp (0/4) Lair:4       Spider (1/4) Lair:4        Slime (0/5) Lair:5
    Orc (2/2) D:11            Elf (0/3) Orc:2

Altars:
Ashenzari
Cheibriados
Dithmenos
Elyvilon
Fedhas
Gozag
Hepliaklqana
Kikubaaqudgha
Makhleb
Nemelex Xobeh
Okawaru
Qazlal
Ru
Sif Muna
Trog
Uskayaw
Vehumet
Wu Jian
Xom
Yredelemnul
Zin
The Shining One
Beogh
Jiyva

Shops:
D:4 *   D:7 (?   D:8 *   D:9 !   Orc:1 *   Orc:2 [([=

Annotations:
D:5 exclusion: statue
Orc:2 Saint Roka IceCv exclusion: 4 ice statues


Innate Abilities, Weirdness & Mutations

You are too large for most types of armour.
You have claws for hands.
Your metabolism is lightning-fast.
You like to eat raw meat.
Your natural rate of healing is unusually fast.
You are covered in fur. (AC +1)
You have very tough skin. (AC +2)
You can translocate small distances at will.
You possess an exceptional clarity of mind.
You are frail. (-10% HP)


Message History

You repeatedly attack the white very ugly thing from above.
You mangle the white very ugly thing!!
The white very ugly thing is heavily wounded.
You mangle the white very ugly thing!!
The white very ugly thing is almost dead.
The white very ugly thing headbutts you.
The white very ugly thing freezes you!!
The white very ugly thing headbutts you.
The white very ugly thing freezes you!!!
* * * LOW HITPOINT WARNING * * *
Really walk into a travel-excluded area?
Okay, then.
Unknown command.
You spin and attack the white very ugly thing.
You scratch the white very ugly thing but do no damage.
The white very ugly thing is almost dead.
The white very ugly thing headbutts you!
* * * LOW HITPOINT WARNING * * *
The white very ugly thing freezes you!!
You die...

####### #############
#.....## ##..((.#8...8##
#......###......#......#
#.......#.......#....Y..
#.......#.......#.....Z.
#.∩..∩...........§......
#.......#.......#§......
#.......#.......#§......
#......###....@u#......#
#.....## ##..((.#8...8##
####### #############


You could see a white very ugly thing (pinned).

Vanquished Creatures
  The ghost of Typee the Destroyer, a journeyman OpCj of Vehumet (Lair:5)
  Josephine (Orc:2)
  3 hydras
  Fannar (D:10)
  Erica (D:8)
  An orc high priest (Orc:2)
  6 death yaks (Lair:6)
  5 two-headed ogres
  An unseen horror (D:10)
  An orc knight (Orc:2)
  2 wolf spiders (Lair:4)
  2 orb spiders (Spider:1)
  An orc sorcerer (Orc:2)
  A cyclops (Orc:2)
  Joseph (D:7)
  Maurice (D:9)
  2 black mambas (Lair:5)
  7 elephants (Lair:4)
  2 torpor snails
  19 spiny frogs
  3 rime drakes
  4 komodo dragons
  3 anaconda simulacra (IceCv)
  A demonic crawler (Spider:1)
  6 jumping spiders
  5 trolls
  A hornet (D:11)
  A polar bear (Lair:3)
  29 blink frogs
  4 tyrant leeches (Lair:6)
  4 dream sheep
  9 hippogriffs
  Sigmund (D:6)
  A spriggan (D:7)
  A tarantella (Spider:1)
  3 redbacks (Spider:1)
  37 yaks
  Eustachio (D:6)
  3 wraiths (Orc:2)
  A wyvern (D:11)
  3 hungry ghosts
  6 vampire mosquitoes (Lair:6)
  2 two-headed ogre zombies (D:11)
  Duvessa (D:7)
  11 water moccasins
  5 porcupines
  9 ice beasts
  26 orc warriors
  7 ogres
  3 phantoms
  3 sky beasts
  An ettin simulacrum (IceCv)
  10 wolves
  A necrophage (D:10)
  4 centaurs
  11 crocodiles
  2 big kobolds
  26 bullfrogs
  A wyvern skeleton (D:11)
  A scorpion (D:11)
  A water moccasin skeleton (D:7)
  Dowan (D:7)
  9 killer bees
  4 troll zombies (D:11)
  4 wights (D:11)
  2 howler monkeys (D:9)
  4 jellies
  4 crimson imps
  An electric eel (Lair:6)
  2 bullfrog zombies (D:9)
  A quasit (D:11)
  18 orc priests
  8 hounds
  27 orc wizards
  Crazy Yiuf (D:2)
  3 centaur skeletons
  3 bullfrog skeletons
  Ijyb (D:4)
  An iguana (D:4)
  4 worker ants
  2 ogre zombies (D:11)
  A worker ant zombie (D:5)
  4 gnolls (D:4)
  5 adders
  A shadow imp (D:11)
  An ooze (D:1)
  An adder skeleton (D:6)
  An adder zombie (D:6)
  5 worms
  3 leopard geckos
  92 orcs
  10 bats
  3 giant cockroaches
  11 goblins
  8 hobgoblins
  12 jackals
  18 kobolds
  5 quokkas
  4 frilled lizards
  2 goblin skeletons (D:11)
  4 goblin zombies (D:11)
  2 hobgoblin skeletons (D:11)
  3 hobgoblin zombies (D:11)
  2 orc skeletons (D:11)
  12 orc zombies (D:11)
  2 quokka skeletons (D:5)
  5 rats
  2 fungi
  6 plants (D:11)
636 creatures vanquished.

Vanquished Creatures (others)
  A water moccasin (D:10)
  An orc (Orc:2)
  12 fungi
  54 plants (Lair:6)
68 creatures vanquished.

Grand Total: 704 creatures vanquished

Notes
Turn   | Place    | Note
-------+----------+-------------------------------------------
     0 | D:1      | kae the Troll Monk began the quest for the Orb.
     0 | D:1      | Reached XP level 1. HP: 22/22 MP: 0/0
   233 | D:1      | Reached XP level 2. HP: 29/29 MP: 1/1
   833 | D:1      | Reached XP level 3. HP: 36/36 MP: 2/2
  1199 | D:2      | Reached skill level 4 in Unarmed Combat
  1334 | D:2      | Reached XP level 4. HP: 44/44 MP: 3/3
  1450 | D:2      | Found a runed door.
  1759 | D:2      | Noticed Crazy Yiuf
  1763 | D:2      | Paralysed by Crazy Yiuf for 2 turns
  1770 | D:2      | Killed Crazy Yiuf
  1897 | D:3      | Reached XP level 5. HP: 36/53 MP: 4/4
  1949 | D:3      | Found a hazy altar of Hepliaklqana.
  2033 | D:3      | Reached skill level 5 in Unarmed Combat
  2129 | D:3      | Found an iron altar of Okawaru.
  2361 | D:3      | Found a stormy altar of Qazlal.
  2551 | D:4      | Found a burning altar of Makhleb.
  2551 | D:4      | Found a shimmering altar of Xom.
  2555 | D:4      | Reached XP level 6. HP: 61/61 MP: 5/5
  2973 | D:4      | Noticed Ijyb
  2986 | D:4      | Killed Ijyb
  3041 | D:4      | Found Ewienio's Assorted Antiques.
  3044 | D:4      | Bought a silvery potion for 21 gold pieces
  3044 | D:4      | Bought a scroll of identify for 48 gold pieces
  3044 | D:4      | Bought a scroll labeled MASOQ GACZA for 24 gold pieces
  3293 | D:5      | Entered Level 5 of the Dungeon
  3463 | D:5      | Found a radiant altar of Vehumet.
  3495 | D:5      | Found a staircase to the Ecumenical Temple.
  3548 | Temple   | Entered the Ecumenical Temple
  3787 | Temple   | Became a worshipper of the Wu Jian Council
  3787 | Temple   | Reached * piety under Wu Jian
  3787 | Temple   | Reached ** piety under Wu Jian
  3962 | D:5      | Found a deep blue altar of Sif Muna.
  4171 | D:6      | Noticed Sigmund
  4193 | D:6      | Noticed Eustachio
  4220 | D:6      | Killed Eustachio
  4220 | D:6      | Reached skill level 6 in Unarmed Combat
  4220 | D:6      | Reached XP level 7. HP: 34/70 MP: 6/6
  4407 | D:6      | Gained mutation: You are frail. (-10% HP) [potion of mutation]
  4407 | D:6      | Gained mutation: You possess an exceptional clarity of mind. [potion of mutation]
  4407 | D:6      | Gained mutation: You can translocate small distances at will. [potion of mutation]
  4426 | D:6      | Killed Sigmund
  4433 | D:6      | Reached skill level 7 in Unarmed Combat
  4489 | D:6      | Reached XP level 8. HP: 67/71 MP: 7/7
  4573 | D:6      | Found a sparkling altar of Nemelex Xobeh.
  4965 | D:7      | Noticed Joseph
  4971 | D:7      | Killed Joseph
  4971 | D:7      | Reached skill level 5 in Fighting
  4971 | D:7      | Reached skill level 5 in Dodging
  4971 | D:7      | Reached skill level 8 in Unarmed Combat
  5000 | D:7      | Found a hide-covered altar of Uskayaw.
  5043 | D:7      | Found Jawnek's Magic Scroll Shop.
  5046 | D:7      | Bought a scroll of identify for 28 gold pieces
  5046 | D:7      | Bought a scroll of identify for 28 gold pieces
  5046 | D:7      | Bought a scroll of identify for 28 gold pieces
  5046 | D:7      | Bought a scroll of identify for 28 gold pieces
  5239 | D:7      | Found Urrauc's Antique Weapon Shoppe.
  5248 | D:7      | Reached XP level 9. HP: 67/79 MP: 8/8
  5267 | D:7      | Reached skill level 9 in Unarmed Combat
  5599 | D:7      | Reached *** piety under Wu Jian
  5730 | D:7      | Found a shadowy altar of Dithmenos.
  5742 | D:7      | Noticed Dowan
  5745 | D:7      | Noticed Duvessa
  5749 | D:7      | Killed Dowan
  5755 | D:7      | Killed Duvessa
  6029 | D:8      | Noticed a two-headed ogre
  6054 | D:7      | Reached skill level 10 in Unarmed Combat
  6150 | D:8      | Noticed a troll
  6177 | D:8      | Killed a two-headed ogre
  6178 | D:8      | Killed a troll
  6178 | D:8      | Reached XP level 10. HP: 9/90 MP: 9/9
  6602 | D:8      | Noticed Erica
  6626 | D:8      | Noticed a two-headed ogre
  6636 | D:8      | Killed a two-headed ogre
  6636 | D:8      | Reached skill level 11 in Unarmed Combat
  6673 | D:8      | Found Gozag's Platinum Reserve.
  6676 | D:8      | Found an opulent altar of Gozag.
  6827 | D:8      | Noticed a two-headed ogre
  6838 | D:8      | Killed a two-headed ogre
  6848 | D:8      | Killed Erica
  6848 | D:8      | Reached **** piety under Wu Jian
  7167 | D:9      | Found a sacrificial altar of Ru.
  7252 | D:9      | Reached skill level 12 in Unarmed Combat
  7267 | D:9      | Found a staircase to the Lair.
  7451 | D:9      | Reached XP level 11. HP: 98/98 MP: 10/10
  7566 | D:9      | Found a deep blue altar of Sif Muna.
  7575 | D:9      | Found Pemarchu's Distillery.
  7582 | D:9      | Bought a potion of heal wounds for 60 gold pieces
  7582 | D:9      | Bought a potion of heal wounds for 60 gold pieces
  7690 | D:9      | Reached skill level 1 in Armour
  7782 | D:9      | Noticed Maurice
  7794 | D:9      | Killed Maurice
  8075 | Lair:1   | Entered Level 1 of the Lair of Beasts
  8387 | Lair:1   | HP: 1/99 [blink frog (10)]
  8572 | Lair:1   | Reached skill level 13 in Unarmed Combat
  9050 | Lair:2   | Reached ***** piety under Wu Jian
  9135 | Lair:2   | Noticed an eight-headed hydra
  9198 | Lair:2   | Noticed a four-headed hydra
  9637 | Lair:2   | Killed an eight-headed hydra
  9677 | Lair:2   | Killed a five-headed hydra
  9677 | Lair:2   | Reached XP level 12. HP: 109/109 MP: 11/11
 10578 | Lair:4   | Reached skill level 14 in Unarmed Combat
 10763 | Lair:4   | Found a staircase to the Swamp.
 11017 | Lair:4   | Found a hole to the Spider Nest.
 11430 | Lair:5   | Noticed Typee's ghost (journeyman OpCj)
 11510 | Lair:5   | Killed Typee's ghost
 11666 | Lair:5   | Reached skill level 5 in Armour
 11877 | Lair:5   | Found a staircase to the Slime Pits.
 11877 | Lair:5   | Found a viscous altar of Jiyva.
 12374 | Lair:6   | Entered Level 6 of the Lair of Beasts
 12462 | Lair:6   | Reached XP level 13. HP: 117/117 MP: 12/12
 12763 | Lair:6   | Identified a scroll of acquirement
 12764 | Lair:6   | Got a crude lapis lazuli ring
 12766 | Lair:6   | Identified the ring of Mouj {Fire rN+ MR+ Dex+5 Stlth+} (You acquired it on level 6 of the Lair of Beasts)
 12842 | Lair:6   | Reached skill level 15 in Unarmed Combat
 13367 | Lair:6   | Reached skill level 10 in Fighting
 13454 | Lair:6   | Reached skill level 10 in Dodging
 13566 | Lair:6   | Reached ****** piety under Wu Jian
 14286 | D:10     | Entered Level 10 of the Dungeon
 15010 | D:10     | Noticed Fannar
 15022 | D:10     | Killed Fannar
 15182 | D:11     | Reached skill level 16 in Unarmed Combat
 15182 | D:11     | Reached XP level 14. HP: 105/128 MP: 13/13
 15271 | D:11     | Found a staircase to the Orcish Mines.
 15352 | D:11     | Paralysed by a hornet for 1 turns
 15929 | D:11     | Got a flickering silver ring
 15966 | D:11     | Got a transparent platinum ring
 15977 | D:11     | Identified the ring "Kawahil" {Fire Int+2} (You found it on level 11 of the Dungeon)
 15978 | D:11     | Identified the ring of Nuqiaher {+Inv +Fly rPois rC+ Stlth-} (You found it on level 11 of the Dungeon)
 16024 | Orc:1    | Entered Level 1 of the Orcish Mines
 16081 | Orc:2    | Entered Level 2 of the Orcish Mines
 16386 | Orc:1    | Found Atogge's General Store.
 16556 | Orc:2    | Noticed Josephine
 16564 | Orc:2    | Found a staircase to the Elven Halls.
 16566 | Orc:2    | Killed Josephine
 16572 | Orc:2    | Found a roughly hewn altar of Beogh.
 16582 | Orc:2    | Found Ullode's Antique Armour Boutique.
 16967 | Orc:2    | Found a roughly hewn altar of Beogh.
 16989 | Orc:2    | Found a roughly hewn altar of Beogh.
 17006 | Orc:2    | Found a roughly hewn altar of Beogh.
 17043 | Orc:2    | Found a roughly hewn altar of Beogh.
 17044 | Orc:2    | Found Neeriniff's Jewellery Shoppe.
 17092 | Orc:2    | Bought a cursed -3 ring of dexterity for 26 gold pieces
 17092 | Orc:2    | Bought a cursed ring of teleportation for 58 gold pieces
 17109 | Orc:2    | Found a roughly hewn altar of Beogh.
 17147 | Orc:2    | Found a roughly hewn altar of Beogh.
 17231 | Orc:2    | Noticed Saint Roka
 17900 | Orc:2    | Found Kituxa Mexu's Antique Weapon Shop.
 17901 | Orc:2    | Found a roughly hewn altar of Beogh.
 17902 | Orc:2    | Found Hanaymm's Antique Armour Boutique.
 18163 | Spider:1 | Entered Level 1 of the Spider Nest
 18614 | Spider:1 | Found a frozen archway.
 18627 | IceCv    | Entered an ice cave
 18876 | IceCv    | Noticed a white very ugly thing
 18923 | IceCv    | HP: 2/129 [white very ugly thing (15)]
 18923 | IceCv    | Annihilated by a white very ugly thing

Vault maps used:
D:1:      nagdon_arrival_double_spiral
D:2:      first_bread, uniq_crazy_yiuf_cottage
D:3:      marbit_many_paths, nicolae_qazlal_eye_of_the_storm,
          lemuel_crystal_altar, grunt_ministairs_2
D:4:      grunt_temple_overflow_champion_of_chaos, serial_shops,
          kennysheep_mini, uniq_ijyb
D:5:      kennysheep_little_box, vehumet_statue, temple_hall
D:6:      nemelex_altar_shiori, uniq_eustachio, uniq_sigmund
D:7:      kennysheep_mini_moat, serial_shops, shop, nicolae_shop_behind_doors,
          basic_altar, the_bakery, uniq_duvessa, uniq_joseph
D:8:      nicolae_gozag_zags_fifth_avenue, uniq_erica
D:9:      nicolae_ru_awakened_eye, david_lair_generic, basic_altar,
          serial_shops, shop, roderic_lattice_a, uniq_maurice
D:10:     hangedman_decor_lopped, lemuel_flame_loot_1, uniq_fannar
D:11:     minmay_weird_star, zombieorc2_lemuel, grunt_decor_arrowhead
Temple:   minmay_temple_curvy_loop
Lair:2:   serial_bayou_shore_b
Lair:3:   serial_bayou_shore_b
Lair:4:   beast_lair_carwin_large_2, swamp_mist, dummy_spider_entry
Lair:5:   slime_altar_1, grunt_megastairs_4
Lair:6:   minmay_lair_end_frog_pond, st_stairs_4
Spider:1: portal_ice_cave_entry_pillars_three
Orc:1:    serial_shops, shop
Orc:2:    grunt_orc_community_town_hall, grunt_orc_community_big_house_1,
          grunt_orc_community_big_house_2, grunt_orc_community_house_3,
          grunt_orc_community_house_2, grunt_orc_community_house_2,
          grunt_orc_community_house_2, grunt_orc_community_house_3,
          grunt_orc_community_house_1, nicolae_orc_damp_corner, mines_bat_river,
          uniq_josephine
IceCv:    ice_cave_statue_garden_chambered

Skill      XL: |  1  2  3  4  5  6  7  8  9 10 11 12 13 14 |
---------------+-------------------------------------------+-----
Unarmed Combat | 4 5 6 7 8 10 12 13 14 16 | 16.7
Fighting       | 3 4 5 6 7 8 9 10 | 10.7
Dodging        | 3 4 5 6 7 8 9 10 | 10.7
Armour         | 3 5 6 7 |  7.5
Stealth        | |  1.0

Action                   |  1- 3 |  4- 6 |  7- 9 | 10-12 | 13-15 || total
-------------------------+-------+-------+-------+-------+-------++-------
Melee: Unarmed           |   127 |   147 |   207 |   578 |   948 ||  2007
       Punch             |     1 |     3 |     8 |    32 |    94 ||   138
Invok: Serpent's Lash    |       |       |       |     2 |       ||     2
Evoke: Wand              |       |       |       |     6 |    16 ||    22
  Use: Scroll            |     1 |    12 |     8 |    10 |     8 ||    39
       Potion            |       |     1 |     5 |     2 |       ||     8
 Stab: Sleeping          |     4 |       |     3 |     4 |     5 ||    16
       Distracted        |       |       |       |     2 |     3 ||     5
  Eat: Chunk             |    18 |    18 |    17 |    64 |    58 ||   175
       Bread ration      |       |       |       |       |     1 ||     1
Armor: Robe              |    52 |    30 |    46 |    24 |       ||   152
       Skin              |       |    28 |    45 |    15 |       ||    88
       Troll leather arm |       |       |       |    41 |   114 ||   155
Dodge: Dodged            |    85 |    57 |    86 |   248 |   553 ||  1029
       Deflected         |       |       |       |       |     6 ||     6

Table legend:
 A = Spawn XP
 B = Non-spawn XP
 C = Spawn XP percentage of total XP
 D = Spawn monster count
 E = Non-spawn monster count
 F = Spawn count percentage of total count
 G = Total turns spent on level
                    A         B        C        D         E        F      G
               +---------+---------+-------+---------+---------+-------+---------
         Total |       0 |   87113 |   0.0 |       0 |     628 |   0.0 | 18923
               +---------+---------+-------+---------+---------+-------+---------
           D:1 |       0 |      43 |   0.0 |       0 |      22 |   0.0 |   942
           D:2 |       0 |     103 |   0.0 |       0 |      30 |   0.0 |   924
           D:3 |       0 |     176 |   0.0 |       0 |      24 |   0.0 |   586
           D:4 |       0 |     230 |   0.0 |       0 |      11 |   0.0 |   841
           D:5 |       0 |      65 |   0.0 |       0 |       6 |   0.0 |   569
           D:6 |       0 |    1106 |   0.0 |       0 |      19 |   0.0 |   782
           D:7 |       0 |    2643 |   0.0 |       0 |      23 |   0.0 |  1204
           D:8 |       0 |    4973 |   0.0 |       0 |      34 |   0.0 |  1051
           D:9 |       0 |    4301 |   0.0 |       0 |      35 |   0.0 |   962
          D:10 |       0 |    5758 |   0.0 |       0 |      33 |   0.0 |   808
          D:11 |       0 |    4020 |   0.0 |       0 |      64 |   0.0 |   977
        Lair:1 |       0 |    3745 |   0.0 |       0 |      20 |   0.0 |   843
        Lair:2 |       0 |    5550 |   0.0 |       0 |      18 |   0.0 |   900
        Lair:3 |       0 |    2859 |   0.0 |       0 |      17 |   0.0 |   834
        Lair:4 |       0 |    8023 |   0.0 |       0 |      24 |   0.0 |  1233
        Lair:5 |       0 |    5132 |   0.0 |       0 |      15 |   0.0 |   977
        Lair:6 |       0 |   20159 |   0.0 |       0 |      68 |   0.0 |  1764
      Spider:1 |       0 |    4272 |   0.0 |       0 |      13 |   0.0 |   210
         Orc:1 |       0 |    1535 |   0.0 |       0 |      28 |   0.0 |   521
         Orc:2 |       0 |   10471 |   0.0 |       0 |     114 |   0.0 |  1442
         IceCv |       0 |    1949 |   0.0 |       0 |      10 |   0.0 |   296
               +---------+---------+-------+---------+---------+-------+---------
